 Dungeon Crawl Stone Soup version 0.28.0-43-g3370ac3207 (webtiles) character file.

Game seed: 16949408516419699767

68 Ablot the Grasshopper (level 4, -2/38 HPs)
             Began as a Gnoll Warper on Mar 15, 2022.
             Killed from afar by Sigmund (9 damage)
             ... with a puff of flame
             ... on level 3 of the Dungeon.
             The game lasted 00:02:13 (2372 turns).

Ablot the Grasshopper (Gnoll Warper)                Turns: 2372, Time: 00:02:14

Health: -2/38      AC:  3    Str: 12    XL:     4   Next: 19%
Magic:  11/11      EV: 13    Int: 12    God:
Gold:   87         SH:  0    Dex: 12    Spells: 11/13 levels left

rFire   . . .      SeeInvis .   a - +0 spear
rCold   . . .      Faith    .   (no shield)
rNeg    . . .      Spirit   .   b - +0 leather armour
rPois   .          Reflect  .   (no helmet)
rElec   .          Harm     .   (no cloak)
rCorr   .          Rampage  .   (no gloves)
Will    .....                   (no boots)
Stlth   +.........              (no amulet)
HPRegen 0.12/turn               (no ring)
MPRegen 0.12/turn               (no ring)

@: confused
A: fangs 1, strong nose, distributed training
a: no special abilities


You were on level 3 of the Dungeon.
You visited 1 branch of the dungeon, and saw 3 of its levels.

You collected 87 gold pieces.

Inventory:

Hand Weapons
 a - a +0 spear (weapon)
Missiles
 d - 5 boomerangs of dispersal
 e - 72 stones (quivered)
 h - 43 arrows
 j - 20 bolts
Armour
 b - a +0 leather armour (worn)
Jewellery
 i - a ring of flight
Scrolls
 c - 2 scrolls of blinking
 f - a scroll of noise {unknown}
 g - a scroll of fog {unknown}
 k - a scroll of enchant weapon {unknown}
Potions
 l - a potion of lignification {unknown}


   Skills:
 + Level 4.6 Fighting
 + Level 1.0 Short Blades
 + Level 1.0 Long Blades
 + Level 1.0 Axes
 + Level 1.0 Maces & Flails
 + Level 4.6 Polearms
 + Level 1.0 Staves
 + Level 1.0 Slings
 + Level 1.0 Bows
 + Level 1.0 Crossbows
 + Level 2.7 Throwing
 + Level 2.7 Armour
 + Level 4.6 Dodging
 + Level 1.0 Stealth
 + Level 1.0 Shields
 + Level 1.0 Unarmed Combat
 + Level 5.0 Spellcasting
 + Level 0.8 Conjurations
 + Level 0.8 Hexes
 + Level 0.8 Summonings
 + Level 0.8 Necromancy
 + Level 5.4 Translocations
 + Level 0.8 Transmutations
 + Level 0.8 Fire Magic
 + Level 0.8 Ice Magic
 + Level 0.8 Air Magic
 + Level 0.8 Earth Magic
 + Level 0.8 Poison Magic
 + Level 1.1 Invocations
 + Level 1.0 Evocations


You had 11 spell levels left.
You knew the following spells:

 Your Spells              Type           Power      Damage    Failure   Level
a - Blink                 Tloc           32%        N/A       4%          2

Your spell library contained the following spells:

 Spells                   Type           Power      Damage    Failure   Level
 Gell's Gravitas          Tloc           16%        N/A       9%          3
 Lesser Beckoning         Tloc           16%        N/A       9%          3
 Teleport Other           Tloc           16%        N/A       9%          3
 Conjure Flame            Conj/Fire      5%         6-21      47%         3
 Ignite Poison            Fire/Tmut/Pois 5%         N/A       47%         3
 Manifold Assault         Tloc           16%        N/A       58%         5
 Animate Dead             Necr           2%         N/A       87%         4
 Sticky Flame             Conj/Fire      5%         2d3       87%         4
 Borgnjor's Vile Clutch   Necr/Erth      2%         N/A       99%         5
 Death Channel            Necr           2%         N/A       100%        6


Dungeon Overview and Level Annotations

Branches:
Dungeon (3/15)

Altars:

Annotations:
D:3 Sigmund


Innate Abilities, Weirdness & Mutations

You have very sharp teeth.
Your uncanny sense of smell can sniff out nearby items.
Your experience applies equally to all skills.


Message History

Press: ? - help, Q - select action, (/) - cycle Shift-Dir - straight line, f/p - Sigmund
Aim: Sigmund, wielding a +0 scythe, wearing a +0 robe and carrying a wand of flame (14) (moderately wounded, 57% to hit)
You throw a stone.
The stone hits Sigmund but does no damage.
Sigmund is moderately wounded.
Reach: a) +0 spear
Press: ? - help, Dir - move target, f/p - Sigmund
Aim: Sigmund, wielding a +0 scythe, wearing a +0 robe and carrying a wand of flame (14) (moderately wounded, about 39% to evade your +0 spear)
You reach to attack!
You closely miss Sigmund.
Sigmund is moderately wounded.
Sigmund hits you from afar with a +0 scythe!
Reach: a) +0 spear
Press: ? - help, Dir - move target, f/p - Sigmund
Aim: Sigmund, wielding a +0 scythe, wearing a +0 robe and carrying a wand of flame (14) (moderately wounded, about 39% to evade your +0 spear)
You reach to attack!
You hit Sigmund but do no damage.
Sigmund is moderately wounded.
Unknown command.
Reach: a) +0 spear
Press: ? - help, Dir - move target, f/p - Sigmund
Aim: Sigmund, wielding a +0 scythe, wearing a +0 robe and carrying a wand of flame (14) (moderately wounded, about 39% to evade your +0 spear)
You reach to attack!
You closely miss Sigmund.
Sigmund is moderately wounded.
Sigmund hits you from afar with a +0 scythe!
* * * LOW HITPOINT WARNING * * *
Reach: a) +0 spear
Press: ? - help, Dir - move target, f/p - Sigmund
Aim: Sigmund, wielding a +0 scythe, wearing a +0 robe and carrying a wand of flame (14) (moderately wounded, about 39% to evade your +0 spear)
You reach to attack!
You hit Sigmund.
Sigmund is moderately wounded.
Sigmund completely misses you.
There is a stone staircase leading up here.
Sigmund says, "Now you see me, now you don't..."
Sigmund gestures at you while chanting.
You are confused.
In your confused state, you trip and fall back down the stairs.
* * * LOW HITPOINT WARNING * * *
Unknown command.
Sigmund casts a spell at you. The puff of flame hits you!
You die...

#<#
##.##
#.# #.#
#......
#.#
#..#
#.# #.#
#######
#.#
##.#
#.# #.#
# #.#
#.###.#
#.# #
#.#
#..##.#
#.# #
#.#
##.##.#
#.. #
#.#
#.##.#
####
#.#
#..#.#
#..#
##.#@#
#^..
#..##
#.##
##@#
#...
#K#
####
#(# ∆
#(#
#.(#
##.# .#


You could see Sigmund and a kobold.

Vanquished Creatures
  An adder (D:3)
  A worm (D:2)
  A dart slug (D:1)
  4 endoplasms
  2 giant cockroaches
  5 goblins (D:1)
  5 hobgoblins
  6 kobolds
  3 quokkas (D:1)
  10 ball pythons
  3 bats
  2 frilled lizards
  5 rats
48 creatures vanquished.

Notes
Turn   | Place    | Note
-------+----------+-------------------------------------------
     0 | D:1      | Ablot the Gnoll Warper began the quest for the Orb.
     0 | D:1      | Reached XP level 1. HP: 20/20 MP: 6/6
   300 | D:1      | Reached XP level 2. HP: 26/26 MP: 7/7
   303 | D:1      | Learned a level 2 spell: Blink
   736 | D:1      | Reached XP level 3. HP: 29/31 MP: 9/9
   768 | D:1      | Reached skill level 5 in Spellcasting
  1478 | D:2      | Reached skill level 1 in Invocations
  1862 | D:2      | Reached skill level 1 in Short Blades
  1862 | D:2      | Reached skill level 1 in Long Blades
  1862 | D:2      | Reached skill level 1 in Axes
  1862 | D:2      | Reached skill level 1 in Maces & Flails
  1862 | D:2      | Reached skill level 1 in Staves
  1862 | D:2      | Reached skill level 1 in Slings
  1862 | D:2      | Reached skill level 1 in Bows
  1862 | D:2      | Reached skill level 1 in Crossbows
  1862 | D:2      | Reached skill level 1 in Stealth
  1862 | D:2      | Reached skill level 1 in Shields
  1862 | D:2      | Reached skill level 1 in Unarmed Combat
  1862 | D:2      | Reached skill level 1 in Evocations
  2166 | D:3      | Reached XP level 4. HP: 31/38 MP: 11/11
  2352 | D:3      | Noticed Sigmund
  2372 | D:3      | Killed from afar by Sigmund

Illustrated notes

Levels and vault maps discovered:
D:1:      dpeg_arrival_pond, layout_basic
D:2:      layout_rooms, chequers_decorated_corner, moated_statue
D:3:      layout_basic, gammafunk_ghost_smash, uniq_sigmund

Skill      XL: |  1  2  3 |
---------------+----------+-----
Spellcasting   | 5 |  5.0
Invocations    | 1 |  1.1
Short Blades   | 1 |  1.0
Long Blades    | 1 |  1.0
Axes           | 1 |  1.0
Maces & Flails | 1 |  1.0
Staves         | 1 |  1.0
Slings         | 1 |  1.0
Bows           | 1 |  1.0
Crossbows      | 1 |  1.0
Stealth        | 1 |  1.0
Shields        | 1 |  1.0
Unarmed Combat | 1 |  1.0
Evocations     | 1 |  1.0
Fighting       | |  4.6
Polearms       | |  4.6
Throwing       | |  2.7
Armour         | |  2.7
Dodging        | |  4.6
Conjurations   | |  0.8
Hexes          | |  0.8
Summonings     | |  0.8
Necromancy     | |  0.8
Translocations | |  5.4
Transmutations | |  0.8
Fire Magic     | |  0.8
Ice Magic      | |  0.8
Air Magic      | |  0.8
Earth Magic    | |  0.8
Poison Magic   | |  0.8

Action                   |  1- 3 |  4- 6 || total
-------------------------+-------+-------++-------
Melee: Spear             |   149 |    13 ||   162
       Bite              |     6 |     1 ||     7
       Punch             |     4 |       ||     4
Throw: Stone             |       |     8 ||     8
 Stab: Sleeping          |     2 |     1 ||     3
Armor: Leather armour    |    25 |     1 ||    26
Dodge: Dodged            |    41 |     7 ||    48
